 Dungeon Crawl Stone Soup version 0.30.1-3-gfc49f6343a (webtiles) character file.

Game seed: 10702752090074222662

593284 faxtax the Slayer (level 25, -1/239 (243) HPs)
             Began as a Minotaur Fighter on July 23, 2023.
             Was the Champion of the Shining One.
             Killed from afar by a frost giant (16 damage)
             ... with a bolt of cold
             ... on level 4 of the Depths on July 25, 2023.
             The game lasted 05:47:00 (62815 turns).

faxtax the Slayer (Minotaur Fighter)               Turns: 62815, Time: 05:47:01

HP:   -1/239 (243)  AC: 28    Str: 23    XL:     25   Next: 73%
MP:   4/29          EV: 30    Int: 11    God:    the Shining One [******]
Gold: 117           SH: 25    Dex: 17    Spells: 33/33 levels left

rFire   + + +        x - +7 consecrated labrys {holy, Valiant Fragile Fly SInv}
rCold   x . .        n - +2 tower shield
rNeg    + + +        Q - +0 fire dragon scales
rPois   .            (helmet restricted)
rElec   .            N - scarf of Nifiq {shadows, +Blink Will+}
rCorr   .            S - +3 Mad Mage's Maulers {Infuse+∞ VampMP -Cast}
SInv    +            (no boots)
Will    ++...        J - amulet "Kuinon" {Regen+ Str+3}
Stlth   ++           q - ring of the Tortoise {AC+8}
HPRegen 1.39/turn    v - ring of the Hare {EV+10}
MPRegen 0.21/turn

%: no spellcasting, infuse magic (4 MP)
@: flying, slowed, glowing, studying Ice Magic, lightly drained, unable to read,
very slow
A: horns 2, retaliatory headbutt, hooves 2, clever 1, fire resistance 1, weak 1,
evolution 2, inability to read after injury 1
}: 4/15 runes: serpentine, barnacled, slimy, silver
a: Renounce Religion, Evoke Blink, Divine Shield, Cleansing Flame, Summon Divine
Warrior, Brand Weapon With Holy Wrath


You were on level 4 of the Depths.
You worshipped the Shining One.
The Shining One was exalted by your worship.
You visited 15 branches of the dungeon, and saw 59 of its levels.
You visited the Abyss 1 time.
You visited 2 bazaars.
You also visited: Sewer, Gauntlet, Ice Cave and Volcano.

You collected 5070 gold pieces.
You spent 2910 gold pieces at shops.
You donated 2043 gold pieces to Zin.

Inventory:

Hand Weapons
 f - the +9 lance "Wyrmbane" {slay drac, rPois rF+ rC+ AC+3}
   (You took it off Maggie on level 8 of the Dungeon)

   AC:        It affects your AC (+3).
   rF:        It protects you from fire.
   rC:        It protects you from cold.
   rPois:     It protects you from poison.
 r - a +3 battleaxe of freezing
 x - the +7 consecrated labrys (weapon) {holy, Valiant Fragile Fly SInv}
   (You bought it in a shop on level 2 of the Orcish Mines)

   Valiant:   It becomes more powerful as more dangerous foes come into view.
   SInv:      It lets you see invisible.
   Fly:       It grants you flight.
   Fragile:   It will be destroyed if unequipped.
 O - the +9 war axe "Kuamecwez" {flame, rPois rN+ Stlth-}
   (You found it in a Gauntlet)

   rPois:     It protects you from poison.
   rN:        It protects you from negative energy.
   Stlth:     It makes you less stealthy.
 X - the +8 arbalest of the Blushing Gods {penet, rF+}
   (You found it on level 5 of the Pits of Slime)

   rF:        It protects you from fire.
 Y - a +4 trishula of holy wrath
Missiles
 I - 6 silver javelins
Armour
 g - +4 swamp dragon scales
 i - the +1 pair of gloves "Huodo" {Fly SInv}
   (You found it on level 4 of the Lair of Beasts)

   SInv:      It lets you see invisible.
   Fly:       It grants you flight.
 n - a +2 tower shield (worn)
 B - +0 ice dragon scales
 N - the scarf of Nifiq (worn) {shadows, +Blink Will+}
   (You found it in a Gauntlet)

   +Blink:    It lets you blink.
   Will:      It increases your willpower.
 Q - +0 fire dragon scales (worn)
 S - the +3 Mad Mage's Maulers (worn) {Infuse+∞ VampMP -Cast}
   (You found it on level 4 of the Vaults)

   Infuse+∞: It empowers its wearer's blows with all of their magic.
   VampMP:    Blows struck in melee replenish the wearer's magic.
   -Cast:     It prevents spellcasting.
 U - the +6 faerie dragon scales {+Inv rCorr Clar}
   (You took it off the Enchantress on level 3 of the Depths)

   +Inv:      It lets you turn invisible.
   Clar:      It protects you from confusion, rage, mesmerisation and fear.
   rCorr:     It protects you from acid and corrosion.
 V - a +2 cloak of cold resistance
Jewellery
 e - a ring of protection from cold
 h - a +6 ring of dexterity
 p - a ring of positive energy
 q - the ring of the Tortoise (left hand) {AC+8}
   (You took it off a deep elf death mage on level 3 of the Elven Halls)

   [ring of protection]

   AC:        It affects your AC (+8).
 t - a ring of protection from fire
 v - the ring of the Hare (right hand) {EV+10}
   (You took it off a minotaur in a Gauntlet)

   [ring of evasion]

   EV:        It affects your evasion (+10).
 E - the ring of Okawaru's Pride {rCorr MP+9 Dex+2}
   (You found it on level 1 of the Crypt)

   [ring of resist corrosion]

   Dex:       It affects your dexterity (+2).
   MP:        It affects your magic capacity (+9).
   rCorr:     It protects you from acid and corrosion.
 G - the ring "Oguefow" {Contam rElec rF+ rCorr Int+6}
   (You found it in a Gauntlet)

   [ring of resist corrosion]

   Int:       It affects your intelligence (+6).
   rF:        It protects you from fire.
   rElec:     It insulates you from electricity.
   Contam:    It causes magical contamination when unequipped.
   rCorr:     It protects you from acid and corrosion.
 J - the amulet "Kuinon" (around neck) {Regen+ Str+3}
   (You bought it in a shop on level 1 of the Snake Pit)

   [amulet of regeneration]

   Str:       It affects your strength (+3).
   Regen:     It increases your rate of health regeneration.
 L - a +6 ring of strength
Wands
 c - a wand of mindburst (18)
 y - a wand of digging (5)
 F - a wand of flame (42) (quivered)
 K - a wand of roots (19)
 P - a wand of polymorph (13)
Scrolls
 a - 3 scrolls of blinking
 d - a scroll of immolation
 l - 4 scrolls of poison
 w - a scroll of acquirement
 C - 4 scrolls of fear
 D - 3 scrolls of brand weapon
Potions
 o - 3 potions of cancellation
 z - 4 potions of ambrosia
 R - 2 potions of berserk rage
Miscellaneous
 m - a phial of floods (inert)
 s - a phantom mirror
 A - a condenser vane
 T - a box of beasts
 W - the horn of Geryon


   Skills:
 + Level 23.1 Fighting
 - Level 10.0 Long Blades
 + Level 20.5(22.1) Axes
 - Level 14.1(19.0) Polearms
 - Level 10.2 Ranged Weapons
 - Level 13.3 Throwing
 + Level 20.8 Armour
 + Level 18.9 Dodging
 - Level 16.8 Stealth
 + Level 22.6 Shields
 - Level 4.9 Spellcasting
 * Level 6.9 Invocations
 + Level 6.5 Evocations


You had 33 spell levels left.
You didn't know any spells.
Your spell library contained the following spells:

 Spells                   Type           Power      Damage    Failure   Level
 Beastly Appendage        Tmut           4%         N/A       50%         1
 Foxfire                  Conj/Fire      8%         2x1d4     50%         1
 Freeze                   Ice            8%         1d3       50%         1
 Kiss of Death            Conj/Necr      8%         2d6       50%         1
 Slow                     Hex            8%         N/A       50%         1
 Sting                    Tmut/Pois      8%         1d3       50%         1
 Summon Small Mammal      Summ           8%         N/A       50%         1
 Cigotuvi's Dreadful Rot  Necr/Pois/Air  4%         N/A       65%         2
 Ensorcelled Hibernation  Hex/Ice        4%         N/A       65%         2
 Momentum Strike          Conj/Tloc      4%         3d8       65%         2
 Passwall                 Tmut/Erth      1%         N/A       65%         2
 Scorch                   Fire           4%         2d5       65%         2
 Searing Ray              Conj           4%         2d4       65%         2
 Static Discharge         Conj/Air       4%         2-3/arc   65%         2
 Call Canine Familiar     Summ           2%         N/A       86%         3
 Confusing Touch          Hex            2%         N/A       86%         3
 Frozen Ramparts          Ice            4%         1d1       86%         3
 Hailstorm                Conj/Ice       2%         3d3       86%         3
 Inner Flame              Hex/Fire       2%         N/A       86%         3
 Mephitic Cloud           Conj/Pois/Air  2%         N/A       86%         3
 Ozocubu's Armour         Ice            2%         N/A       86%         3
 Portal Projectile        Hex/Tloc       4%         N/A       86%         3
 Spider Form              Tmut/Pois      2%         N/A       86%         3
 Summon Guardian Golem    Hex/Summ       2%         N/A       86%         3
 Swiftness                Air            2%         N/A       86%         3
 Tukima's Dance           Hex            2%         N/A       86%         3
 Vampiric Draining        Necr           2%         2d6       86%         3
 Vhi's Electric Charge    Tloc/Air       4%         N/A       86%         3
 Airstrike                Air            1%         2d(1-17)  99%         4
 Anguish                  Hex/Necr       1%         N/A       99%         4
 Cause Fear               Hex            1%         N/A       99%         4
 Dispel Undead            Necr           2%         3d7       99%         4
 Flame Wave               Conj/Fire      2%         2d4       99%         4
 Ice Form                 Ice/Tmut       2%         N/A       99%         4
 Iskenderun's Mystic Bla  Conj/Tloc      2%         2d3       99%         4
 Leda's Liquefaction      Hex/Erth       1%         N/A       99%         4
 Passage of Golubria      Tloc           2%         N/A       99%         4
 Petrify                  Tmut/Erth      2%         N/A       99%         4
 Sticky Flame             Conj/Fire      2%         2d3       99%         4
 Summon Ice Beast         Ice/Summ       2%         N/A       99%         4
 Summon Lightning Spire   Summ/Air       2%         N/A       99%         4
 Alistair's Intoxication  Tmut/Pois      1%         N/A       100%        5
 Arcjolt                  Conj/Air       1%         1d11      100%        5
 Blade Hands              Tmut           1%         N/A       100%        5
 Borgnjor's Vile Clutch   Necr/Erth      1%         N/A       100%        5
 Fireball                 Conj/Fire      1%         3d3       100%        5
 Freezing Cloud           Conj/Ice/Air   1%         6-21      100%        5
 Irradiate                Conj/Tmut      1%         3d12      100%        5
 Iskenderun's Battlesphe  Conj           2%         2d6       100%        5
 Lee's Rapid Deconstruct  Erth           1%         3d4*      100%        5
 Metabolic Englaciation   Hex/Ice        1%         N/A       100%        5
 Summon Mana Viper        Hex/Summ       2%         N/A       100%        5
 Yara's Violent Unravell  Hex/Tmut       1%         3d3       100%        5
 Conjure Ball Lightning   Conj/Air       1%         3x3d6     100%        6
 Eringya's Noxious Bog    Tmut/Pois      1%         N/A       100%        6
 Iron Shot                Conj/Erth      1%         9d1       100%        6
 Plasma Beam              Fire/Air       1%         2x1d12    100%        6
 Simulacrum               Ice/Necr       1%         N/A       100%        6
 Starburst                Conj/Fire      1%         6d3       100%        6
 Statue Form              Tmut/Erth      1%         N/A       100%        6
 Summon Cactus Giant      Summ           1%         N/A       100%        6
 Dragon Form              Tmut           1%         N/A       100%        7
 Enfeeble                 Hex            1%         N/A       100%        7
 Malign Gateway           Summ/Tloc      1%         N/A       100%        7
 Monstrous Menagerie      Summ           1%         N/A       100%        7
 Ozocubu's Refrigeration  Ice            1%         4d7       100%        7
 Spellforged Servitor     Conj/Summ      1%         N/A       100%        7
 Discord                  Hex            1%         N/A       100%        8
 Disjunction              Tloc           1%         N/A       100%        8
 Ignition                 Fire           1%         3d3       100%        8
 Maxwell's Capacitive Co  Air            1%         ∞         100%        8
 Summon Horrible Things   Summ           1%         N/A       100%        8


Dungeon Overview and Level Annotations

Branches:
Dungeon (15/15)            Temple (1/1) D:4            Lair (5/5) D:9
 Shoals (4/4) Lair:2        Snake (4/4) Lair:3        Slime (5/5) Lair:5
    Orc (2/2) D:10            Elf (3/3) Orc:2        Vaults (5/5) D:14
  Crypt (3/3) Vaults:3       Tomb (0/3) Crypt:3      Depths (4/4) D:15
   Hell (visited)             Dis (0/7) Hell            Geh (5/7) Hell
    Coc (1/7) Hell            Tar (0/7) Hell            Zot (1/5) Depths:4
  Sewer (visited)           IceCv (visited)         Volcano (visited)
Gauntlet (visited)

Altars:
Ashenzari
Cheibriados
Dithmenos
Elyvilon
Fedhas
Gozag
Hepliaklqana
Kikubaaqudgha
Makhleb
Nemelex Xobeh
Okawaru
Qazlal
Ru
Sif Muna
Trog
Uskayaw
Vehumet
Wu Jian
Xom
Yredelemnul
Zin
The Shining One
Jiyva
Lugonu

Shops:
D:2 *   D:9 [   Orc:2 (:(=   Elf:1 :*[=:   Elf:2 (   Shoals:1 =*   Shoals:3 :
Snake:1 [[[=*[!   Vaults:1 (   Vaults:3 [   Vaults:5 =

Portals:
Hell: Depths:1 Depths:2 Depths:3 Depths:4
Abyss: Lair:5 Depths:1 Depths:3
Pandemonium: Depths:1 Depths:2
Ziggurat: Depths:2

Annotations:
Slime:3 Dissolution


Innate Abilities, Weirdness & Mutations

You have a pair of horns on your head.
You reflexively headbutt those who attack you in melee.
You have hoof-like feet.
Your mind is acute. (Int +4, Str/Dex -1)
Your flesh is heat resistant. (rF+)
You are weak. (Str -2)
You have great hidden genetic potential.
You occasionally lose the ability to read scrolls when taking damage.


Message History

There is an open door here.
You closely miss the death cob. Your kick misses the death cob.
The death cob is heavily damaged.
You block the death cob's attack. x2
The death cob splashes around in the water.
You slice the death cob!!
The death cob convulses!
You destroy the death cob!
The Shining One accepts your kill.
You feel better.
You feel your power returning.
You slice the jelly!!
You kill the jelly!
That felt strangely unrewarding.
You start resting.
A frost giant comes into view.
It is wielding a +2 battleaxe of freezing.
A frost giant is nearby!
The frost giant shouts!
The frost giant gestures at you while chanting.
The bolt of cold hits you!!!
You feel a terrible chill!
You feel threatened and lose the ability to read scrolls!
* * * LOW HITPOINT WARNING * * *
There is an open door here.
You reach down and close the door.
You start resting.
Something unseen breaks down the door.
The frost giant gestures at you while chanting.
The bolt of cold hits you!!!
You feel a terrible chill!
* * * LOW HITPOINT WARNING * * *
There is a broken door here.
Okay, then.
Activating: Cleansing Flame (22% risk of failure)
Press: ? - help, Dir - look around, f - activate The golden flame engulfs you but does no damage.
You resist.
The golden flame engulfs the frost giant.
The frost giant is lightly wounded.
The frost giant hits you but does no damage.
You block the frost giant's attack.
You feel better.
The frost giant points at you and mumbles some strange words.
The bolt of cold hits you!
You feel a terrible chill!
You die...

...........#.............#.......
........#..#......⌠...#..#.......
.........##.##.......#.##.##.....
########...#..#.......#..#..#.###
#...#..######..#..#....#
########..#.###....##.###.....###
...........#........#..#.........
..............#####'#..#.........
.............##.@...#..#.........
#######...♣..#.C#.∩.#..#..8...###
.# ##.....#..#=..'.##......#
.#######.....#..#'#####.......###
.............#..#........#.......
............###.##....###.#......
...........#..#..######..#.......
..#######..#..#.......#..#......#
.## #.##.##.#.......##.##....#


You could see a frost giant.

Vanquished Creatures
  the Royal Jelly (Slime:5)
  2 dread liches
  Mennas (Depths:4)
  3 ancient liches
  A juggernaut (Depths:3)
  The ghost of SlowGraham the Acrobat, a legendary KoMo of Trog (Vaults:3)
  3 golden dragons
  Jory (Vaults:5)
  The ghost of Waammiq the Devastator, a veteran GrEE of Lugonu (Crypt:1)
  Geryon (Hell)
  the Enchantress (Depths:3)
  2 bone dragons (Depths:4)
  A doom hound (Depths:1)
  4 Brimstone Fiends
  9 hellephants
  2 electric golems (Zot:1)
  Rupert (Orc:2)
  4 liches
  Jorgrun (D:13)
  Zenata (Vaults:1)
  4 tentacled monstrosities
  A walking earthen tome (Depths:3)
  3 quicksilver dragons (Vaults:5)
  Murray (Depths:1)
  20 searing wretches
  7 titans
  A tentacled starspawn (Abyss:1)
  A kraken (Shoals:2)
  3 deep elf master archers
  5 deep elf blademasters
  20 acid blobs
  Gastronok (Lair:1)
  Kirke (Elf:1)
  4 ancient champions
  3 sphinxes
  3 death cobs
  3 shadow dragons
  Roxanne (Elf:1)
  5 tengu reavers
  4 storm dragons
  Ilsuiw (Shoals:3)
  2 revenants
  A draconian knight (Zot:1)
  15 nagarajas
  3 frost giants
  16 rockslimes
  14 fire giants
  2 narguns (Coc:1)
  8 deep elf sorcerers
  Louise (Elf:1)
  14 vault wardens
  9 balrugs
  12 azure jellies
  A draconian scorcher (Zot:1)
  5 ghouls
  An iron dragon (Depths:1)
  A draconian shifter (Depths:4)
  7 deep elf elementalists (Elf:3)
  2 cacodemons
  14 stone giants
  A draconian stormcaller (Zot:1)
  3 orc warlords
  34 very ugly things
  5 spriggan defenders (Depths:3)
  21 ironbound preservers
  10 quicksilver oozes
  A draconian annihilator (Zot:1)
  4 ironbound thunderhulks
  2 war gargoyles
  2 reapers (Hell)
  4 vampire knights
  9 deep elf demonologists
  2 green draconians (Depths:4)
  A black draconian (Depths:4)
  2 red draconians
  A wendigo (Coc:1)
  10 deep elf annihilators
  Azrael (Orc:2)
  3 white draconians
  2 purple draconians
  14 spark wasps
  A minotaur (Gauntlet)
  A dire elephant (Vaults:1)
  A yellow draconian (Depths:4)
  2 iron golems
  2 blizzard demons
  The ghost of jaiteiro the Geomancer, a journeyman DrEE of Hepliaklqana (Lair:1)
  9 eidola
  6 deep elf death magi
  3 merfolk javelineers (Shoals:4)
  4 ettins
  5 great orbs of eyes
  10 jiangshi
  2 entropy weavers
  A spriggan zombie (Crypt:3)
  5 merfolk impalers
  7 fire dragons
  10 deep elf high priests
  11 yaktaur captains
  Erolcha (Orc:2)
  4 rakshasas
  Harold (D:10)
  An alligator snapping turtle (Shoals:3)
  25 vault guards
  8 hydras
  6 spriggan air magi
  A hell beast (Depths:4)
  9 ice dragons
  5 salamander tyrants
  An ogre mage (Vaults:5)
  A death knight (D:13)
  2 two-headed ogres
  Erica (D:10)
  18 centaur warriors
  18 anacondas
  10 ironbound frosthearts
  31 dancing weapons
  24 naga warriors
  3 merfolk avatars
  4 stokers
  12 boulder beetles
  2 deep troll shamans (Depths:2)
  4 merfolk aquamancers (Shoals:4)
  2 vampire magi (Crypt:1)
  3 death yaks (Lair:4)
  7 orc high priests
  5 thrashing horrors
  21 naga sharpshooters
  6 deep troll earth magi
  38 hell hogs
  7 tengu warriors
  2 spriggan berserkers (Depths:1)
  14 hell knights
  9 shock serpents
  6 soul eaters
  6 sun demons
  16 deep elf knights
  2 fire crabs (Shoals:4)
  Nergalle (D:10)
  2 shadow wraiths
  A sixfirhy (Hell)
  21 skeletal warriors
  7 iron trolls
  4 salamander mystics
  5 skysharks
  5 naga ritualists
  3 bog bodies
  4 glowing orange brains
  17 phantasmal warriors
  3 flayed ghosts
  6 lindwurms
  14 sea snakes
  A sphinx zombie (Vaults:3)
  23 harpies
  9 deep elf archers
  43 deep trolls
  A shadow dragon zombie (Crypt:3)
  22 ironbound convokers
  An obsidian statue (Elf:3)
  16 mana vipers
  7 wizards
  24 deep elf zephyrmancers
  6 starcursed masses (Abyss:1)
  24 deep elf pyromancers
  A sphinx skeleton (Crypt:2)
  57 ugly things
  35 salamanders
  4 shining eyes
  15 orc knights
  A wolf spider (Lair:3)
  9 cyclopes
  15 manticores
  2 orc sorcerers
  3 worldbinders (Abyss:1)
  8 necromancers
  4 moths of wrath (Zot:1)
  7 fauns
  A goliath frog skeleton (Crypt:3)
  A dire elephant zombie (Crypt:1)
  An eleionoma skeleton (Crypt:1)
  8 rust devils
  A moth of wrath (shapeshifter) (Elf:1)
  6 water nymphs
  42 black mambas
  An apocalypse crab (Abyss:1)
  18 merfolk sirens
  16 guardian serpents
  2 molten gargoyles
  2 eyes of devastation
  Maggie (D:8)
  2 smoke demons
  14 naga magi
  18 vault sentinels
  2 orange demons
  A titan simulacrum (Coc:1)
  A torpor snail (Lair:5)
  10 cane toads
  A dire elephant skeleton (Crypt:3)
  2 gargoyles
  2 unseen horrors
  2 hellions
  An ice statue (IceCv)
  3 efreet
  A white draconian zombie (Crypt:2)
  Psyche (D:8)
  6 komodo dragons
  4 rime drakes
  2 kobold demonologists
  2 tormentors
  A yaktaur (shapeshifter) (D:14)
  An orb spider zombie (Crypt:1)
  7 tengu conjurers
  11 freezing wraiths
  19 yaktaurs
  2 anaconda simulacra
  A red draconian skeleton (Crypt:2)
  A red devil (Depths:2)
  5 ice devils
  A human zombie (Vaults:3)
  A death yak skeleton (Crypt:2)
  6 meliai
  A hellwing (Depths:2)
  3 polar bears
  2 queen bees
  7 trolls
  A wind drake (shapeshifter) (Lair:5)
  4 ancient zymes
  24 merfolk
  17 blink frogs (Lair:5)
  7 large abominations
  A tarantella (Lair:3)
  5 hornets
  7 wind drakes
  5 snapping turtles
  10 dream sheep
  A tarantella zombie (Crypt:1)
  A tengu simulacrum (Hell)
  A stone giant simulacrum (Coc:1)
  46 slime creatures
  4 raiju (Abyss:1)
  2 jumping spiders (Lair:3)
  A centaur simulacrum (D:14)
  6 spriggans
  3 shadows
  7 wraiths
  3 dire elephant simulacra
  17 water elementals
  A vampire (D:6)
  3 fire bats (Orc:2)
  An ettin skeleton (Crypt:1)
  2 humans (shapeshifter)
  5 air elementals
  28 yaks
  9 fire elementals
  3 wyverns
  5 ynoxinuls
  8 golden eyes
  9 basilisks
  3 hogs (Elf:1)
  Grum (D:8)
  A hog (shapeshifter) (Elf:1)
  5 chaos spawn
  A neqoxec (Abyss:1)
  12 vampire mosquitoes
  4 wargs
  A harpy simulacrum (Coc:1)
  44 nagas
  A water nymph zombie (Crypt:1)
  6 hell hounds
  A skyshark zombie (Crypt:3)
  11 water moccasins
  A hydra simulacrum (IceCv)
  2 floating eyes
  A black bear (shapeshifter) (Abyss:1)
  4 black bears
  A fire dragon simulacrum (Coc:1)
  40 orc warriors
  A sky beast (D:6)
  2 ice beasts
  A cane toad skeleton (Crypt:2)
  An ogre (shapeshifter) (Elf:1)
  4 boggarts
  5 ettin simulacra (Coc:1)
  A centaur (D:11)
  8 ogres
  A snapping turtle skeleton (Crypt:1)
  23 wolves
  An elephant skeleton (Crypt:1)
  2 phantoms
  17 small abominations
  3 kobold brigands
  7 bullfrogs
  2 gnoll sergeants
  3 earth elementals
  6 two-headed ogre simulacra (IceCv)
  3 cane toad simulacra (IceCv)
  3 necrophages
  A scorpion (D:5)
  10 wights
  An elephant simulacrum (IceCv)
  44 killer bees
  A swamp dragon simulacrum (Abyss:1)
  3 electric eels
  3 howler monkeys
  2 lava snakes (Lair:3)
  A quasit (Abyss:1)
  A centaur zombie (D:3)
  4 hounds
  81 jellies
  27 orc priests
  Crazy Yiuf (D:2)
  A gnoll bouda (D:5)
  An iron imp (Abyss:1)
  A sleepcap (D:7)
  Terence (D:2)
  A scorpion zombie (D:3)
  Natasha (thrice) (D:2)
  7 iguanas
  31 orc wizards
  3 polar bear simulacra (IceCv)
  6 troll simulacra (IceCv)
  8 spriggan simulacra
  A wolf simulacrum (IceCv)
  A deep dwarf zombie (Crypt:1)
  A tengu zombie (Crypt:2)
  Robin (D:2)
  15 gnolls
  14 adders
  4 naga simulacra (IceCv)
  A river rat (Sewer)
  3 shadow imps
  9 white imps
  10 ufetubi
  An adder zombie (D:3)
  3 worms
  2 dart slugs
  91 orcs
  7 bats
  12 endoplasms
  8 giant cockroaches
  14 hobgoblins
  6 jackals (D:1)
  20 kobolds
  3 quokkas
  10 ball pythons
  5 frilled lizards
  23 goblins
  A quokka zombie (D:3)
  12 rats
  5 creeping infernos
  20 fire vortices
2512 creatures vanquished.

Vanquished Creatures (collateral kills)
  A deep elf master archer (Elf:3)
  A tentacled starspawn (Abyss:1)
  2 deep elf elementalists (Elf:3)
  A curse skull (Crypt:3)
  A reaper (Gauntlet)
  2 deep elf annihilators (Elf:3)
  2 deep elf death magi
  A salamander tyrant (Snake:3)
  A dancing weapon (Elf:2)
  A naga warrior (Snake:3)
  A shock serpent (Snake:3)
  A salamander mystic (Snake:3)
  A skeletal warrior (Crypt:3)
  An anaconda skeleton (Crypt:3)
  2 deep elf zephyrmancers (Elf:2)
  A salamander (Snake:3)
  A troll (Orc:2)
  2 nagas (Snake:3)
  An ogre (Orc:2)
  An orc priest (Orc:2)
25 creatures vanquished.

Vanquished Creatures (others)
  An acid blob (Vaults:5)
  A frost giant (Vaults:2)
  A war gargoyle (Vaults:5)
  A stone giant (Depths:1)
  An ironbound preserver (Vaults:3)
  A minotaur (shapeshifter) (Vaults:5)
  2 great orbs of eyes
  A yaktaur captain (Vaults:4)
  2 vault guards (Vaults:5)
  A merfolk aquamancer (Shoals:4)
  4 glowing orange brains
  An ironbound convoker (Vaults:4)
  A deep troll (Vaults:5)
  A wizard (Vaults:3)
  A deep elf pyromancer (Elf:1)
  A manticore (shapeshifter) (Vaults:5)
  2 cyclopes
  An eye of devastation (shapeshifter) (D:15)
  A vault sentinel (Vaults:5)
  4 yaktaurs (Vaults:4)
  A human zombie (Vaults:3)
  A tyrant leech (shapeshifter) (Vaults:5)
  A dream sheep (shapeshifter) (Vaults:5)
  25 slime creatures
  A shadow (D:10)
  2 ynoxinuls (Abyss:1)
  2 golden eyes (Abyss:1)
  2 redbacks (Vaults:2)
  A naga (Snake:3)
  A floating eye (shapeshifter) (Vaults:5)
  A water moccasin (Lair:5)
  An orc warrior (Orc:2)
  5 boggarts
  A dream sheep skeleton (Crypt:2)
  A wolf (D:8)
  A scorpion (D:6)
  A bullfrog (Lair:3)
  302 jellies
  An orc priest (Orc:2)
  A black bear skeleton (Crypt:2)
  An iguana (D:6)
  4 orc wizards
  An adder (D:4)
  A shadow imp (D:6)
  3 ufetubi
  A worm zombie (Crypt:2)
  An adder skeleton (D:3)
  3 orcs
  2 ball pythons (D:4)
  2 endoplasms
  2 goblins (D:3)
  4 kobolds (D:12)
  A quokka (D:4)
  A bat (D:3)
  A jackal zombie (D:3)
  A creeping inferno (Hell)
  3 fire vortices
  A lurking horror (Abyss:1)
  2 starspawn tentacles (Abyss:1)
  8 tentacles (Shoals:2)
424 creatures vanquished.

Grand Total: 2961 creatures vanquished

Notes
Turn   | Place    | Note
-------+----------+-------------------------------------------
     0 | D:1      | faxtax the Minotaur Fighter began the quest for the Orb.
     0 | D:1      | Reached XP level 1. HP: 19/19 MP: 0/0
   213 | D:1      | Reached XP level 2. HP: 27/27 MP: 1/1
   342 | D:1      | Reached skill level 1 in Dodging
   473 | D:1      | Reached XP level 3. HP: 33/33 MP: 2/2
   802 | D:2      | Reached skill level 4 in Fighting
   939 | D:2      | Noticed Robin
   943 | D:2      | Reached skill level 1 in Stealth
   950 | D:2      | Reached XP level 4. HP: 32/40 MP: 3/3
   955 | D:2      | Killed Robin
  1057 | D:2      | Found Botirab's General Store.
  1106 | D:2      | Noticed Natasha
  1109 | D:2      | Killed Natasha
  1262 | D:2      | Found a runed translucent door.
  1263 | D:2      | Noticed Crazy Yiuf
  1282 | D:2      | HP: 3/60 [Crazy Yiuf/+3 quarterstaff of chaos (3)]
  1283 | D:2      | Killed Crazy Yiuf
  1284 | D:2      | Reached XP level 5. HP: 3/46 MP: 4/4
  1640 | D:2      | Noticed Terence
  1645 | D:2      | Killed Terence
  1762 | D:2      | Noticed Natasha
  1768 | D:2      | Killed Natasha
  1841 | D:2      | Noticed Natasha
  1847 | D:2      | Killed Natasha
  1925 | D:3      | Found a basalt altar of Yredelemnul.
  1944 | D:3      | Found a faded altar of an unknown god.
  2009 | D:3      | Found a glowing drain.
  2018 | Sewer    | Entered a sewer
  2085 | Sewer    | Reached XP level 6. HP: 52/53 MP: 5/5
  2206 | Sewer    | Found a viscous altar of Jiyva.
  2227 | Sewer    | Became a worshipper of Jiyva Jyaqost the Shapeless
  2737 | D:3      | Reached * piety under Jiyva
  3136 | D:3      | Reached skill level 5 in Armour
  3306 | D:4      | Reached skill level 5 in Fighting
  3306 | D:4      | Reached skill level 5 in Shields
  3306 | D:4      | Reached XP level 7. HP: 59/61 MP: 6/6
  3462 | D:4      | Reached ** piety under Jiyva
  3503 | D:4      | Found a white marble altar of Elyvilon.
  3681 | D:4      | Found a staircase to the Ecumenical Temple.
  3919 | D:5      | Entered Level 5 of the Dungeon
  4100 | D:5      | Reached skill level 5 in Axes
  4151 | D:5      | Reached XP level 8. HP: 70/70 MP: 7/7
  4326 | D:5      | Reached *** piety under Jiyva
  4340 | D:5      | Reached skill level 6 in Fighting
  4391 | D:5      | Gained mutation: You possess an exceptional clarity of
                  | mind. [Jiyva's grace]
  4391 | D:5      | Gained mutation: You have an increased reservoir of magic.
                  | (+10% MP) [Jiyva's grace]
  4391 | D:5      | Gained mutation: You have a considerably increased
                  | reservoir of magic. (+20% MP) [Jiyva's grace]
  4391 | D:5      | Gained mutation: You have a greatly increased reservoir of
                  | magic. (+30% MP) [Jiyva's grace]
  4543 | D:5      | Found a bloodstained altar of Trog.
  4899 | D:6      | Reached skill level 5 in Dodging
  4901 | D:6      | Found a shimmering altar of Xom.
  5029 | D:6      | Found a sacrificial altar of Ru.
  5112 | D:6      | Reached XP level 9. HP: 78/78 MP: 10/10
  5159 | D:6      | Reached skill level 7 in Fighting
  5516 | D:6      | Reached **** piety under Jiyva
  5825 | D:7      | Found a shadowy altar of Dithmenos.
  5857 | D:7      | Found a glowing silver altar of Zin.
  6010 | D:7      | Found an ancient bone altar of Kikubaaqudgha.
  6226 | D:7      | Lost mutation: You have a greatly increased reservoir of
                  | magic. (+30% MP) [Jiyva's grace]
  6226 | D:7      | Gained mutation: Your muscles are strong. (Str +4, Int/Dex
                  | -1) [Jiyva's grace]
  6226 | D:7      | Gained mutation: Your muscles are very strong. (Str +8,
                  | Int/Dex -2) [Jiyva's grace]
  6226 | D:7      | Gained mutation: You are strong-willed. (Will+) [Jiyva's
                  | grace]
  6226 | D:7      | Gained mutation: You are highly strong-willed. (Will++)
                  | [Jiyva's grace]
  6354 | D:7      | Found an opulent altar of Gozag.
  6493 | D:8      | Found a hide-covered altar of Uskayaw.
  6496 | D:8      | Noticed a +0 hand axe
  6496 | D:8      | Noticed a +0 hand axe
  6584 | D:8      | Reached skill level 5 in Stealth
  6615 | D:8      | Reached ***** piety under Jiyva
  6870 | D:8      | Noticed Psyche
  6878 | D:8      | Killed Psyche
  6879 | D:8      | Reached XP level 10. HP: 88/88 MP: 11/11
  6901 | D:8      | Found a radiant altar of Vehumet.
  6917 | D:8      | Noticed Maggie
  6935 | D:8      | Killed Maggie
  6936 | D:8      | Reached skill level 8 in Fighting
  7106 | D:8      | Found a blossoming altar of Fedhas.
  7398 | D:8      | Noticed Grum
  7406 | D:8      | Killed Grum
  7484 | D:9      | Found a staircase to the Lair.
  7494 | D:9      | Reached skill level 1 in Polearms
  7566 | D:9      | Found Raadwis's Armour Boutique.
  7600 | D:9      | Found an iron altar of Okawaru.
  7699 | D:9      | Found a broken altar of Ashenzari.
  7865 | D:9      | Found a snail-covered altar of Cheibriados.
  7926 | D:9      | Found an ornate altar of the Wu Jian Council.
  8043 | D:9      | Lost mutation: You possess an exceptional clarity of mind.
                  | [Jiyva's grace]
  8043 | D:9      | Gained mutation: Your rubbery body absorbs attacks. (AC +1,
                  | EV +1) [Jiyva's grace]
  8043 | D:9      | Gained mutation: Your pliable body absorbs attacks. (AC +2,
                  | EV +2) [Jiyva's grace]
  8043 | D:9      | Gained mutation: Your gelatinous body deflects attacks. (AC
                  | +3, EV +3) [Jiyva's grace]
  8043 | D:9      | Gained mutation: You have a small jelly attached to you
                  | that senses nearby items. [Jiyva's grace]
  8074 | D:9      | Identified the +0 ring mail "Gajorih" {rPois rN+ Regen+}
  8122 | D:10     | Entered Level 10 of the Dungeon
  8184 | D:10     | Reached skill level 9 in Fighting
  8191 | D:10     | Reached XP level 11. HP: 97/97 MP: 12/12
  8354 | D:10     | Reached ****** piety under Jiyva
  8357 | D:10     | Noticed Erica
  8368 | D:10     | Killed Erica
  8536 | D:10     | Noticed Nergalle
  8548 | D:10     | Killed Nergalle
  8585 | D:10     | Noticed Harold
  8596 | D:10     | Killed Harold
  8623 | D:10     | Identified the +5 rapier of Conformity {flame, rF+}
  9099 | D:10     | Found a staircase to the Orcish Mines.
  9270 | D:11     | Reached skill level 5 in Polearms
  9303 | D:11     | Noticed a two-headed ogre
  9365 | D:11     | Killed a two-headed ogre
  9600 | D:11     | Reached skill level 10 in Armour
  9882 | D:12     | Lost mutation: Your muscles are very strong. (Str +8,
                  | Int/Dex -2) [Jiyva's grace]
  9882 | D:12     | Lost mutation: Your gelatinous body deflects attacks. (AC
                  | +3, EV +3) [Jiyva's grace]
  9882 | D:12     | Gained mutation: You have large cloven feet. [Jiyva's
                  | grace]
  9882 | D:12     | Gained mutation: You have hoof-like feet. [Jiyva's grace]
  9882 | D:12     | Gained mutation: You have hooves in place of feet. [Jiyva's
                  | grace]
  9882 | D:12     | Gained mutation: Your translucent skin slightly reduces
                  | your foes' accuracy. (Stealth+) [Jiyva's grace]
  9948 | D:12     | Noticed a purple ugly thing
  9970 | D:12     | Reached skill level 10 in Fighting
 10091 | D:12     | Noticed a purple ugly thing
 10106 | D:12     | Killed a purple ugly thing
 10107 | D:12     | Reached skill level 10 in Shields
 10112 | D:12     | Killed a purple ugly thing
 10113 | D:12     | Reached XP level 12. HP: 92/106 MP: 13/13
 10115 | D:12     | Found a gate leading to a gauntlet.
 10141 | Gauntlet | Entered a Gauntlet
 10141 | Gauntlet | Found a transporter.
 10141 | Gauntlet | Found a transporter.
 10141 | Gauntlet | Found a transporter.
 10141 | Gauntlet | Found a transporter.
 10166 | Gauntlet | Found a transporter.
 10169 | Gauntlet | Noticed a reaper
 10176 | Gauntlet | Found a transporter.
 10180 | Gauntlet | Found a transporter.
 10182 | Gauntlet | Noticed a quicksilver ooze
 10192 | Gauntlet | Found a transporter.
 10209 | Gauntlet | Noticed a four-headed hydra
 10212 | Gauntlet | Found a transporter.
 10217 | Gauntlet | Found a transporter.
 10231 | Gauntlet | Noticed a death yak
 10232 | Gauntlet | Noticed a death yak
 10233 | Gauntlet | Noticed a death yak
 10247 | Gauntlet | Found a transporter.
 10318 | Gauntlet | Killed a reaper
 10328 | Gauntlet | Identified the ring "Oguefow" {Contam rElec rF+ rCorr
                  | Int+6}
 10331 | Gauntlet | Identified the +10 halberd of the Dripping Seer {venom,
                  | *Noise Str+4}
 10352 | Gauntlet | Noticed a minotaur
 10362 | Gauntlet | Killed a minotaur
 10395 | Gauntlet | Identified the scarf of Nifiq {shadows, +Blink Will+}
 10396 | Gauntlet | Got the Elucidation of Peccant Feathers
 10398 | Gauntlet | Identified the ring of the Seeker {rF- Will++ MP+9 Dex+4}
 10404 | Gauntlet | Identified the +2 ring mail "Akkes" {rPois rF+}
 10404 | Gauntlet | Identified the +9 war axe "Kuamecwez" {flame, rPois rN+
                  | Stlth-}
 10530 | D:12     | Noticed a tengu warrior
 10544 | D:12     | Noticed a boulder beetle
 10566 | D:12     | Identified the +1 leather armour of Loutax {+Inv MP+9 Int+7
                  | Stlth-}
 10657 | D:12     | Noticed a four-headed hydra
 10663 | D:12     | Killed a four-headed hydra
 10664 | D:12     | Reached skill level 10 in Axes
 10704 | D:12     | Noticed a centaur warrior
 10720 | D:12     | Killed a centaur warrior
 10725 | D:12     | Killed a boulder beetle
 11076 | D:13     | Noticed a death knight
 11146 | Lair:1   | Entered Level 1 of the Lair of Beasts
 11527 | Lair:1   | Lost mutation: Your translucent skin slightly reduces your
                  | foes' accuracy. (Stealth+) [Jiyva's grace]
 11527 | Lair:1   | Gained mutation: Your mind is acute. (Int +4, Str/Dex -1)
                  | [Jiyva's grace]
 11527 | Lair:1   | Gained mutation: Your mind is very acute. (Int +8, Str/Dex
                  | -2) [Jiyva's grace]
 11527 | Lair:1   | Gained mutation: You have a pair of large horns on your
                  | head. [Jiyva's grace]
 11527 | Lair:1   | Gained mutation: You are covered in slimy tendrils that may
                  | disarm your opponents. [Jiyva's grace]
 11575 | Lair:1   | Found a runed translucent door.
 11648 | Lair:1   | Noticed jaiteiro's ghost (journeyman DrEE)
 11663 | Lair:1   | Killed jaiteiro's ghost
 11664 | Lair:1   | Reached skill level 11 in Fighting
 11707 | Lair:1   | Noticed Gastronok
 11728 | Lair:1   | Killed Gastronok
 11776 | Lair:1   | Reached XP level 13. HP: 116/116 MP: 14/14
 12174 | Lair:2   | Identified the +1 pair of gloves "Zusyn" {rC+ Will++ Str+2}
 12319 | Lair:2   | Found a bloodstained altar of Trog.
 12513 | Lair:2   | Found a staircase to the Shoals.
 12812 | Lair:3   | Found a staircase to the Snake Pit.
 12826 | Lair:3   | Reached skill level 10 in Dodging
 12957 | Lair:3   | Lost mutation: You have hooves in place of feet. [Jiyva's
                  | grace]
 12957 | Lair:3   | Lost mutation: You are covered in slimy tendrils that may
                  | disarm your opponents. [Jiyva's grace]
 12957 | Lair:3   | Lost mutation: You have hoof-like feet. [Jiyva's grace]
 12957 | Lair:3   | Lost mutation: You have large cloven feet. [Jiyva's grace]
 12957 | Lair:3   | Gained mutation: You have sharp toenails. [Jiyva's grace]
 12957 | Lair:3   | Gained mutation: You have razor-sharp toenails. [Jiyva's
                  | grace]
 12957 | Lair:3   | Gained mutation: You have claws for feet. [Jiyva's grace]
 12957 | Lair:3   | Gained mutation: Your muscles are very strong. (Str +8,
                  | Int/Dex -2) [Jiyva's grace]
 13129 | Lair:3   | Found a runed translucent door.
 13153 | Lair:3   | Found a runed translucent gate.
 13155 | Lair:3   | Found a runed translucent gate.
 13156 | Lair:3   | Found a runed translucent gate.
 13156 | Lair:3   | Found a runed translucent gate.
 13156 | Lair:3   | Found a runed translucent gate.
 13157 | Lair:3   | Found a runed translucent gate.
 13672 | Lair:4   | Found a frozen archway.
 13687 | IceCv    | Entered an ice cave
 13828 | IceCv    | Got the Folio of Freezing and Displacement
 14020 | IceCv    | Reached skill level 12 in Fighting
 14539 | Lair:4   | Gained mutation: Your spells are a little easier to cast,
                  | but a little less powerful. [mutagenic glow]
 14719 | Lair:5   | Entered Level 5 of the Lair of Beasts
 14778 | Lair:5   | Found a staircase to the Slime Pits.
 14788 | Slime:1  | Entered Level 1 of the Pits of Slime
 14830 | Slime:1  | Noticed an acid blob
 14962 | Slime:2  | Noticed a rockslime
 14969 | Slime:2  | Noticed an acid blob
 14970 | Slime:2  | Noticed an acid blob
 15082 | Slime:3  | Noticed a rockslime
 15102 | Slime:3  | Noticed Dissolution
 15103 | Slime:3  | Noticed an acid blob
 15293 | Slime:4  | Noticed an azure jelly
 15435 | Slime:5  | Entered Level 5 of the Pits of Slime
 15464 | Slime:5  | Noticed a quicksilver ooze
 15471 | Slime:5  | Noticed an acid blob
 15485 | Slime:5  | Found a viscous altar of Jiyva.
 15485 | Slime:5  | Noticed an acid blob
 15488 | Slime:5  | Noticed the Royal Jelly
 15488 | Slime:5  | Noticed an acid blob
 15489 | Slime:5  | Identified the staff of conjuration "Weyzinke" {Stlth+}
 15492 | Slime:5  | Identified the +2 pair of boots of the Snail {rC+}
 15496 | Slime:5  | Identified the +4 spear "Biangal" {flame, rElec Int+3}
 15497 | Slime:5  | Noticed an acid blob
 15499 | Slime:5  | Noticed an acid blob
 15500 | Slime:5  | Noticed an acid blob
 15505 | Slime:5  | Identified the +1 dagger of Eternal War {antimagic, Int+3}
 15516 | Slime:5  | Identified the +8 arbalest of the Blushing Gods {penet,
                  | rF+}
 15531 | Slime:5  | Got a slimy rune of Zot
 15532 | Slime:5  | Identified the +8 hand axe "Wigg" {chaos, rElec rCorr Int-3
                  | Stlth+}
 15541 | Slime:5  | Noticed a rockslime
 15565 | Slime:5  | Noticed an azure jelly
 15595 | Slime:5  | Noticed an acid blob
 15595 | Slime:5  | Noticed an azure jelly
 15615 | Slime:5  | Noticed an azure jelly
 15929 | Lair:5   | Reached skill level 1 in Ranged Weapons
 15929 | Lair:5   | Reached XP level 14. HP: 124/126 MP: 15/15
 16647 | Lair:5   | Got the Almanac of the Hiemal Traveller
 16668 | Lair:5   | Lost mutation: Your mind is very acute. (Int +8, Str/Dex
                  | -2) [Jiyva's grace]
 16668 | Lair:5   | Lost mutation: You have a considerably increased reservoir
                  | of magic. (+20% MP) [Jiyva's grace]
 16668 | Lair:5   | Lost mutation: You have an increased reservoir of magic.
                  | (+10% MP) [Jiyva's grace]
 16668 | Lair:5   | Lost mutation: You are highly strong-willed. (Will++)
                  | [Jiyva's grace]
 16668 | Lair:5   | Lost mutation: Your muscles are very strong. (Str +8,
                  | Int/Dex -2) [Jiyva's grace]
 16668 | Lair:5   | Lost mutation: Your spells are a little easier to cast, but
                  | a little less powerful. [Jiyva's grace]
 16668 | Lair:5   | Gained mutation: You have a small jelly attached to you
                  | that may absorb projectiles. [Jiyva's grace]
 16668 | Lair:5   | Gained mutation: Your translucent skin slightly reduces
                  | your foes' accuracy. (Stealth+) [Jiyva's grace]
 16668 | Lair:5   | Gained mutation: Your translucent skin reduces your foes'
                  | accuracy. (Stealth+) [Jiyva's grace]
 16668 | Lair:5   | Gained mutation: Your transparent skin significantly
                  | reduces your foes' accuracy. (Stealth+) [Jiyva's grace]
 16735 | Lair:5   | Found a corrupted altar of Lugonu.
 16735 | Lair:5   | Found a one-way gate to the infinite horrors of the Abyss.
 16753 | Lair:5   | Got the Annotations on the Tempest
 17113 | Orc:1    | Entered Level 1 of the Orcish Mines
 17290 | Orc:1    | Found a runed translucent door.
 17293 | Orc:1    | Noticed a balrug
 17307 | Orc:1    | Killed a balrug
 17747 | Orc:2    | Entered Level 2 of the Orcish Mines
 17768 | Orc:2    | Noticed Rupert
 17782 | Orc:2    | Killed Rupert
 17783 | Orc:2    | Reached skill level 10 in Polearms
 17907 | Orc:2    | Reached skill level 13 in Fighting
 17992 | Orc:2    | Found a dark tunnel.
 18006 | Volcano  | Entered a volcano
 18377 | Orc:2    | Noticed Erolcha
 18382 | Orc:2    | Killed Erolcha
 18399 | Orc:2    | Reached XP level 15. HP: 101/135 MP: 14/14
 18432 | Orc:2    | Noticed Azrael
 18443 | Orc:2    | Killed Azrael
 18451 | Orc:2    | Found Ligoh's Antique Weapon Shoppe.
 18453 | Orc:2    | Found Yzedghew's Jewellery Shoppe.
 18453 | Orc:2    | Found Kafucois's Weapon Shoppe.
 18453 | Orc:2    | Found Udechirgh's Book Emporium.
 18468 | Orc:2    | Bought the +4 consecrated labrys {holy, Valiant Fragile Fly
                  | SInv} for 977 gold pieces
 18468 | Orc:2    | Found the +4 consecrated labrys {holy, Valiant Fragile Fly
                  | SInv}
 18510 | Orc:2    | Found a staircase to the Elven Halls.
 18759 | Elf:1    | Entered Level 1 of the Elven Halls
 18827 | Elf:1    | Reached skill level 1 in Long Blades
 18921 | Elf:1    | Noticed Kirke
 18939 | Elf:1    | Killed Kirke
 19065 | Elf:1    | Noticed Louise
 19069 | Elf:1    | Found an ancient bone altar of Kikubaaqudgha.
 19080 | Elf:1    | Killed Louise
 19096 | Elf:1    | Found Omyn's Book Shoppe.
 19177 | Elf:1    | Reached skill level 5 in Ranged Weapons
 19237 | Elf:1    | Found Yleang's General Store.
 19243 | Elf:1    | Found Noitinao's Jewellery Emporium.
 19243 | Elf:1    | Found Elufoc's Antique Armour Shoppe.
 19248 | Elf:1    | Found Ampeff's Book Emporium.
 19430 | Elf:1    | Identified Roxanne's Enchiridion on the Shapeshifter
 19430 | Elf:1    | Noticed Roxanne
 19450 | Elf:1    | Killed Roxanne
 19451 | Elf:1    | Reached skill level 10 in Stealth
 19459 | Elf:1    | Lost mutation: You have claws for feet. [Jiyva's grace]
 19459 | Elf:1    | Lost mutation: Your mind is acute. (Int +4, Str/Dex -1)
                  | [Jiyva's grace]
 19459 | Elf:1    | Lost mutation: You are strong-willed. (Will+) [Jiyva's
                  | grace]
 19459 | Elf:1    | Lost mutation: Your muscles are strong. (Str +4, Int/Dex
                  | -1) [Jiyva's grace]
 19459 | Elf:1    | Lost mutation: Your pliable body absorbs attacks. (AC +2,
                  | EV +2) [Jiyva's grace]
 19459 | Elf:1    | Lost mutation: Your rubbery body absorbs attacks. (AC +1,
                  | EV +1) [Jiyva's grace]
 19459 | Elf:1    | Gained mutation: You are covered in slimy tendrils that may
                  | disarm your opponents. [Jiyva's grace]
 19459 | Elf:1    | Gained mutation: Your natural rate of healing is unusually
                  | fast. [Jiyva's grace]
 19459 | Elf:1    | Gained mutation: You heal very quickly. [Jiyva's grace]
 19459 | Elf:1    | Gained mutation: You regenerate. [Jiyva's grace]
 20134 | Elf:2    | Found Deogavephi's Antique Weapon Shoppe.
 20200 | Elf:2    | Found a runed translucent gate.
 20201 | Elf:2    | Found a runed translucent gate.
 20201 | Elf:2    | Found a runed translucent gate.
 20629 | Elf:2    | Noticed a Brimstone Fiend
 20630 | Elf:2    | Noticed an Ice Fiend
 20696 | Elf:2    | Reached XP level 16. HP: 124/145 MP: 15/15
 21188 | Elf:2    | Reached skill level 14 in Fighting
 21217 | Elf:2    | Reached skill level 5 in Long Blades
 21374 | Elf:3    | Entered Level 3 of the Elven Halls
 21449 | Elf:3    | Found an ancient bone altar of Kikubaaqudgha.
 21593 | Elf:3    | Noticed a Hell Sentinel
 21596 | Elf:3    | Noticed an Ice Fiend
 21599 | Elf:3    | Noticed a deep elf blademaster
 21602 | Elf:3    | Noticed a deep elf blademaster
 21630 | Elf:3    | Identified the +5 spear of Abuse {heavy, rElec rC+ Str-2
                  | Dex+3}
 21922 | Elf:3    | Noticed a deep elf master archer
 21930 | Elf:3    | Killed a deep elf master archer
 21961 | Elf:3    | Noticed a deep elf blademaster
 21974 | Elf:3    | Killed a deep elf blademaster
 22032 | Elf:3    | Noticed a deep elf blademaster
 22033 | Elf:3    | Reached XP level 17. HP: 154/154 MP: 16/16
 22053 | Elf:3    | Noticed a deep elf master archer
 22055 | Elf:3    | Killed a deep elf blademaster
 22062 | Elf:3    | Killed a deep elf master archer
 22065 | Elf:3    | Killed a deep elf blademaster
 22107 | Elf:3    | Lost mutation: You have razor-sharp toenails. [Jiyva's
                  | grace]
 22107 | Elf:3    | Lost mutation: You regenerate. [Jiyva's grace]
 22107 | Elf:3    | Lost mutation: You heal very quickly. [Jiyva's grace]
 22107 | Elf:3    | Lost mutation: Your natural rate of healing is unusually
                  | fast. [Jiyva's grace]
 22107 | Elf:3    | Lost mutation: Your transparent skin significantly reduces
                  | your foes' accuracy. (Stealth+) [Jiyva's grace]
 22107 | Elf:3    | Lost mutation: You are covered in slimy tendrils that may
                  | disarm your opponents. [Jiyva's grace]
 22107 | Elf:3    | Lost mutation: You have a small jelly attached to you that
                  | may absorb projectiles. [Jiyva's grace]
 22107 | Elf:3    | Gained mutation: You are partially covered in large bone
                  | plates. (SH +4) [Jiyva's grace]
 22107 | Elf:3    | Gained mutation: You are mostly covered in large bone
                  | plates. (SH +6) [Jiyva's grace]
 22107 | Elf:3    | Gained mutation: You are completely covered in large bone
                  | plates. (SH +8) [Jiyva's grace]
 22107 | Elf:3    | Gained mutation: Your body has grown eyes which may confuse
                  | attackers. (Acc +3) [Jiyva's grace]
 22127 | Elf:3    | Noticed a deep elf master archer
 22135 | Elf:3    | Killed a deep elf master archer
 22149 | Elf:3    | Identified the +2 leather armour of the Frog {rElec rF+ rN+
                  | Int-4}
 22209 | Elf:3    | Identified the +7 hand axe "Cehaj" {speed, +Blink Int+2
                  | Dex-3}
 22229 | Elf:3    | Identified the staff of conjuration "Fueb" {rN+}
 22248 | Elf:3    | Identified the +7 scimitar "Newtbane" {spect, +Blink Dex+6}
 22301 | Elf:3    | Identified the staff of fire "Iczi" {Fly rF+ Str+4 Dex+3}
 22578 | Elf:3    | Killed a deep elf blademaster
 22623 | Elf:3    | Identified the staff of poison "Nuthre" {*Corrode rPois rC+
                  | Will+ Stlth+}
 22626 | Elf:3    | Identified the staff of conjuration "Coige" {rF+ Will+
                  | Str+3}
 22633 | Elf:3    | Identified the staff of cold "Kiofen" {rC+ Str+4}
 23458 | Shoals:1 | Entered Level 1 of the Shoals
 23625 | Shoals:1 | Found Fufucsoaph's Fabulous Fripperies.
 23629 | Shoals:1 | Found Uto Zead's Jewellery Shoppe.
 24496 | Shoals:2 | Reached skill level 15 in Shields
 24530 | Shoals:2 | Reached skill level 15 in Fighting
 24530 | Shoals:2 | Reached skill level 15 in Armour
 24608 | Shoals:2 | Found a flickering gateway to a bazaar.
 24615 | Bazaar   | Entered a bazaar
 24617 | Bazaar   | Found Luder's Jewellery Boutique.
 24621 | Bazaar   | Found Rumy's Book Boutique.
 24621 | Bazaar   | Found Dojorgh's Assorted Antiques.
 24622 | Bazaar   | Found Ohoefuri's Distillery.
 24642 | Bazaar   | Bought a potion of berserk rage for 60 gold pieces
 24652 | Bazaar   | Bought a potion of resistance for 370 gold pieces
 24652 | Bazaar   | Bought a wand of acid (5) for 777 gold pieces
 24657 | Bazaar   | Bought a potion of haste for 120 gold pieces
 24913 | Shoals:2 | Noticed a kraken
 24927 | Shoals:2 | Killed a kraken
 25269 | Shoals:3 | Lost mutation: You have sharp toenails. [Jiyva's grace]
 25269 | Shoals:3 | Gained mutation: Your spells are a little harder to cast,
                  | but a little more powerful. [Jiyva's grace]
 25269 | Shoals:3 | Gained mutation: Your spells are harder to cast, but more
                  | powerful. [Jiyva's grace]
 25269 | Shoals:3 | Gained mutation: Your spells are much harder to cast, but
                  | much more powerful. [Jiyva's grace]
 25269 | Shoals:3 | Gained mutation: You are agile. (Dex +4, Str/Int -1)
                  | [Jiyva's grace]
 25286 | Shoals:3 | Found a white marble altar of Elyvilon.
 25400 | Shoals:3 | Found Qibam's Vocational Training.
 25408 | Shoals:3 | Noticed Ilsuiw
 25420 | Shoals:3 | Killed Ilsuiw
 25804 | Shoals:3 | Reached XP level 18. HP: 163/163 MP: 17/17
 25870 | Shoals:3 | Found a hazy altar of Hepliaklqana.
 26178 | Shoals:4 | Entered Level 4 of the Shoals
 26363 | Shoals:4 | Reached skill level 15 in Axes
 26795 | Shoals:4 | Got a barnacled rune of Zot
 27539 | D:13     | Noticed Jorgrun
 27560 | D:13     | Killed Jorgrun
 28002 | D:14     | You are sucked into a shaft and drop 1 floor!
 28002 | D:15     | Entered Level 15 of the Dungeon
 28055 | D:15     | Lost mutation: You have a pair of large horns on your head.
                  | [Jiyva's grace]
 28055 | D:15     | Lost mutation: Your spells are much harder to cast, but
                  | much more powerful. [Jiyva's grace]
 28055 | D:15     | Lost mutation: Your translucent skin reduces your foes'
                  | accuracy. (Stealth+) [Jiyva's grace]
 28055 | D:15     | Lost mutation: You have a small jelly attached to you that
                  | senses nearby items. [Jiyva's grace]
 28055 | D:15     | Gained mutation: Your translucent skin reduces your foes'
                  | accuracy. (Stealth+) [Jiyva's grace]
 28055 | D:15     | Gained mutation: Your transparent skin significantly
                  | reduces your foes' accuracy. (Stealth+) [Jiyva's grace]
 28055 | D:15     | Gained mutation: Your body has grown many eyes which may
                  | confuse attackers. (Acc +5) [Jiyva's grace]
 28055 | D:15     | Gained mutation: Your body is covered in eyes which may
                  | confuse attackers. (Acc +7, SInv) [Jiyva's grace]
 28117 | D:14     | Found an opulent altar of Gozag.
 28985 | D:14     | Found a gate to the Vaults.
 29514 | D:15     | Found a staircase to the Depths.
 29963 | Snake:1  | Entered Level 1 of the Snake Pit
 30009 | Snake:1  | Identified the ring of the Iron Devil {Drain rF+ Int+4}
 30021 | Snake:1  | Reached skill level 10 in Ranged Weapons
 30052 | Snake:1  | Reached XP level 19. HP: 172/172 MP: 18/18
 30184 | Snake:1  | Found Wekoj's Antique Armour Boutique.
 30282 | Snake:1  | Found Doklicip's Armour Shop.
 30303 | Snake:1  | Reached skill level 16 in Fighting
 30370 | Snake:1  | Lost mutation: You are completely covered in large bone
                  | plates. (SH +8) [Jiyva's grace]
 30370 | Snake:1  | Lost mutation: Your spells are harder to cast, but more
                  | powerful. [Jiyva's grace]
 30370 | Snake:1  | Lost mutation: Your transparent skin significantly reduces
                  | your foes' accuracy. (Stealth+) [Jiyva's grace]
 30370 | Snake:1  | Lost mutation: Your translucent skin reduces your foes'
                  | accuracy. (Stealth+) [Jiyva's grace]
 30370 | Snake:1  | Gained mutation: You have a small jelly attached to you
                  | that may absorb projectiles. [Jiyva's grace]
 30370 | Snake:1  | Gained mutation: Your muscles are strong. (Str +4, Int/Dex
                  | -1) [Jiyva's grace]
 30370 | Snake:1  | Gained mutation: Your muscles are very strong. (Str +8,
                  | Int/Dex -2) [Jiyva's grace]
 30370 | Snake:1  | Gained mutation: Armour fits poorly on your pseudopods.
                  | [Jiyva's grace]
 30529 | Snake:1  | Found Coafuny's Armour Shop.
 30533 | Snake:1  | Found Ihowyfubb's General Store.
 30542 | Snake:1  | Reached skill level 1 in Throwing
 30928 | Snake:1  | Found Etuang's Armour Emporium.
 30948 | Snake:1  | Found Funle's Jewellery Emporium.
 30956 | Snake:1  | Bought the amulet "Kuinon" {Regen+ Str+3} for 606 gold
                  | pieces
 30996 | Snake:1  | Found Igaab's Distillery.
 31310 | Snake:2  | Reached skill level 10 in Long Blades
 31381 | Snake:2  | Got the Precepts of the Damaging Black Widow
 31424 | Snake:2  | Found a burning altar of Makhleb.
 32832 | Snake:3  | Identified the +10 war axe of Midnight {antimagic, *Slow
                  | rPois Str+4 Dex+3}
 33130 | Snake:3  | Lost mutation: You are mostly covered in large bone plates.
                  | (SH +6) [Jiyva's grace]
 33130 | Snake:3  | Lost mutation: Your muscles are very strong. (Str +8,
                  | Int/Dex -2) [Jiyva's grace]
 33130 | Snake:3  | Lost mutation: Your muscles are strong. (Str +4, Int/Dex
                  | -1) [Jiyva's grace]
 33130 | Snake:3  | Lost mutation: Your body is covered in eyes which may
                  | confuse attackers. (Acc +7, SInv) [Jiyva's grace]
 33130 | Snake:3  | Lost mutation: Armour fits poorly on your pseudopods.
                  | [Jiyva's grace]
 33130 | Snake:3  | Gained mutation: You are partially covered in iridescent
                  | scales. (AC +2) [Jiyva's grace]
 33130 | Snake:3  | Gained mutation: You are mostly covered in iridescent
                  | scales. (AC +4) [Jiyva's grace]
 33130 | Snake:3  | Gained mutation: You are completely covered in iridescent
                  | scales. (AC +6) [Jiyva's grace]
 33130 | Snake:3  | Gained mutation: You have a small jelly attached to you
                  | that senses nearby items. [Jiyva's grace]
 33321 | Snake:4  | Entered Level 4 of the Snake Pit
 33342 | Snake:4  | Reached skill level 5 in Throwing
 33427 | Snake:4  | Reached skill level 15 in Dodging
 33477 | Snake:4  | Identified a scroll of acquirement
 33773 | Snake:4  | Reached XP level 20. HP: 148/182 MP: 19/19
 34216 | Snake:4  | Got a serpentine rune of Zot
 35013 | D:13     | Reached skill level 17 in Fighting
 35084 | Vaults:1 | Entered Level 1 of the Vaults
 35470 | Vaults:1 | Noticed Zenata
 35482 | Vaults:1 | Killed Zenata
 35648 | Vaults:1 | Found Soosy's Weapon Emporium.
 36060 | Vaults:1 | Lost mutation: You are completely covered in iridescent
                  | scales. (AC +6) [Jiyva's grace]
 36060 | Vaults:1 | Lost mutation: You have a small jelly attached to you that
                  | senses nearby items. [Jiyva's grace]
 36060 | Vaults:1 | Gained mutation: You have acidic saliva. [Jiyva's grace]
 36060 | Vaults:1 | Gained mutation: You are robust. (+10% HP) [Jiyva's grace]
 36060 | Vaults:1 | Gained mutation: You are very robust. (+20% HP) [Jiyva's
                  | grace]
 36060 | Vaults:1 | Gained mutation: You are extremely robust. (+30% HP)
                  | [Jiyva's grace]
 37330 | Vaults:3 | Reached XP level 21. HP: 249/249 MP: 20/20
 37463 | Vaults:3 | Found Keuwatye's Antique Armour Shop.
 37607 | Vaults:3 | Reached skill level 1 in Spellcasting
 37892 | Vaults:3 | Found a runed translucent door.
 37892 | Vaults:3 | Found a shimmering altar of Xom.
 37892 | Vaults:3 | Noticed SlowGraham's ghost (legendary KoMo)
 37892 | Vaults:3 | Identified the +4 quarterstaff "Poenk" {chaos, rPois Will-
                  | Str-4 SInv}
 37907 | Vaults:3 | Killed SlowGraham's ghost
 38033 | Vaults:3 | Identified the +8 war axe of Insomnia {venom, Int+2}
 38058 | Vaults:3 | Identified the +2 leather armour of Yteopy {Harm rF- Str+7}
 38147 | Vaults:3 | Lost mutation: You are extremely robust. (+30% HP) [Jiyva's
                  | grace]
 38147 | Vaults:3 | Lost mutation: Your body has grown many eyes which may
                  | confuse attackers. (Acc +5) [Jiyva's grace]
 38147 | Vaults:3 | Lost mutation: Your translucent skin slightly reduces your
                  | foes' accuracy. (Stealth+) [Jiyva's grace]
 38147 | Vaults:3 | Gained mutation: You have a somewhat thin skeletal
                  | structure. (Dex +2, Stealth+) [Jiyva's grace]
 38147 | Vaults:3 | Gained mutation: You have a moderately thin skeletal
                  | structure. (Dex +4, Stealth++) [Jiyva's grace]
 38147 | Vaults:3 | Gained mutation: You have an unnaturally thin skeletal
                  | structure. (Dex +6, Stealth+++) [Jiyva's grace]
 38147 | Vaults:3 | Gained mutation: You are covered in fur. (AC +1) [Jiyva's
                  | grace]
 38680 | Vaults:3 | Found a staircase to the Crypt.
 38686 | Crypt:1  | Entered Level 1 of the Crypt
 39037 | Crypt:1  | Found a runed translucent door.
 39038 | Crypt:1  | Found a shimmering altar of Xom.
 39038 | Crypt:1  | Noticed Waammiq's ghost (veteran GrEE)
 39060 | Crypt:1  | Killed Waammiq's ghost
 39061 | Crypt:1  | Reached skill level 10 in Throwing
 39077 | Crypt:1  | Identified the ring of Okawaru's Pride {rCorr MP+9 Dex+2}
 39180 | Crypt:1  | Found a transporter.
 39238 | Crypt:1  | Found a transporter.
 39249 | Crypt:1  | Noticed an ancient lich
 39254 | Crypt:1  | Noticed a dread lich
 39266 | Crypt:1  | Killed a dread lich
 39268 | Crypt:1  | Killed an ancient lich
 39323 | Crypt:1  | Identified the ring of Agnosticism {rElec Str+2 Int+6}
 39342 | Crypt:1  | Identified the amulet of the Aged Gods {Acrobat Harm rElec
                  | rF- Will+}
 39846 | Vaults:4 | Lost mutation: You are mostly covered in iridescent scales.
                  | (AC +4) [Jiyva's grace]
 39846 | Vaults:4 | Lost mutation: You are partially covered in iridescent
                  | scales. (AC +2) [Jiyva's grace]
 39846 | Vaults:4 | Lost mutation: You are partially covered in large bone
                  | plates. (SH +4) [Jiyva's grace]
 39846 | Vaults:4 | Lost mutation: You have an unnaturally thin skeletal
                  | structure. (Dex +6, Stealth+++) [Jiyva's grace]
 39846 | Vaults:4 | Lost mutation: You are very robust. (+20% HP) [Jiyva's
                  | grace]
 39846 | Vaults:4 | Lost mutation: You have acidic saliva. [Jiyva's grace]
 39846 | Vaults:4 | Gained mutation: Your mind is acute. (Int +4, Str/Dex -1)
                  | [Jiyva's grace]
 39846 | Vaults:4 | Gained mutation: Your mind is very acute. (Int +8, Str/Dex
                  | -2) [Jiyva's grace]
 39846 | Vaults:4 | Gained mutation: Your flesh is heat resistant. (rF+)
                  | [Jiyva's grace]
 39846 | Vaults:4 | Gained mutation: Your flesh is very heat resistant. (rF++)
                  | [Jiyva's grace]
 39891 | Vaults:4 | Reached skill level 18 in Fighting
 40458 | Vaults:4 | Reached XP level 22. HP: 222/222 MP: 25/25
 40509 | Vaults:4 | Found the +3 Mad Mage's Maulers {Infuse+∞ VampMP -Cast}
 40946 | Vaults:5 | Entered Level 5 of the Vaults
 40949 | Vaults:5 | Noticed a golden dragon
 40967 | Vaults:5 | Killed a golden dragon
 41030 | Vaults:5 | Noticed an ancient lich
 41044 | Vaults:5 | Killed an ancient lich
 41052 | Vaults:5 | Got Tycvai Qesk's Directory of Unclean Fever
 41064 | Vaults:5 | Got Mecan's Quarto of Shocking Fulmination
 41066 | Vaults:5 | Got the Octavo of the Gang
 41074 | Vaults:5 | Noticed a dread lich
 41081 | Vaults:5 | Killed a dread lich
 41094 | Vaults:5 | Identified the +6 long sword of Rubbish {heavy, rElec rF-
                  | rCorr Stlth+}
 41106 | Vaults:5 | Identified the ring "Bawnadotz" {rN+ Str+2 Slay+3}
 41488 | Vaults:5 | Noticed a golden dragon
 41495 | Vaults:5 | Killed a golden dragon
 41498 | Vaults:5 | Identified the +3 plate armour of the Eternal Fruit {rPois
                  | Regen+ Int+4 Stlth+}
 41670 | Vaults:5 | Was placed under penance by Jiyva
 42461 | Vaults:5 | Reached skill level 19 in Fighting
 42697 | Crypt:2  | Lost mutation: Your body has grown eyes which may confuse
                  | attackers. (Acc +3) [the all-consuming vengeance of Jiyva]
 42747 | Crypt:2  | Gained mutation: You have hidden genetic defects.
                  | [mutagenic glow]
 42997 | Crypt:2  | Lost mutation: You have a small jelly attached to you that
                  | may absorb projectiles. [the all-consuming vengeance of
                  | Jiyva]
 44300 | Crypt:2  | Was forgiven by Jiyva
 44677 | Crypt:3  | Entered Level 3 of the Crypt
 44700 | Crypt:3  | Found a staircase to the Tomb.
 44969 | Vaults:5 | Identified the +8 great mace of Dullness {drain, rPois rN+
                  | Int-5}
 45004 | Vaults:5 | Gained mutation: You sometimes lose your temper in combat.
                  | [hidden defects]
 45106 | Vaults:5 | Identified the +6 falchion of Ysaojan {freeze, rF+ rC+ rN+}
 45106 | Vaults:5 | Noticed Jory
 45346 | Vaults:5 | Reached XP level 23. HP: 234/234 MP: 10/28
 45466 | Vaults:5 | Killed Jory
 45502 | Vaults:5 | Lost mutation: You are robust. (+10% HP) [hidden defects]
 45502 | Vaults:5 | Lost mutation: You have hidden genetic defects. [hidden
                  | defects expressed]
 45646 | Vaults:5 | Found Veceoniv's Jewellery Boutique.
 45692 | Vaults:5 | Got a silver rune of Zot
 45831 | Vaults:5 | Lost mutation: You have a moderately thin skeletal
                  | structure. (Dex +4, Stealth++) [Jiyva's grace]
 45831 | Vaults:5 | Lost mutation: You are agile. (Dex +4, Str/Int -1) [Jiyva's
                  | grace]
 45831 | Vaults:5 | Gained mutation: You have a small jelly attached to you
                  | that may absorb projectiles. [Jiyva's grace]
 45831 | Vaults:5 | Gained mutation: You have a pair of large horns on your
                  | head. [Jiyva's grace]
 45831 | Vaults:5 | Gained mutation: You are agile. (Dex +4, Str/Int -1)
                  | [Jiyva's grace]
 45831 | Vaults:5 | Gained mutation: You are very agile. (Dex +8, Str/Int -2)
                  | [Jiyva's grace]
 46391 | Depths:1 | Entered Level 1 of the Depths
 46391 | Depths:1 | Found a gateway to Hell.
 46445 | Hell     | Entered the Vestibule of Hell
 46445 | Hell     | Noticed Geryon
 46461 | Hell     | Noticed Murray
 46550 | Depths:1 | Killed Murray
 46747 | Hell     | Reached skill level 15 in Stealth
 46754 | Hell     | Reached skill level 20 in Fighting
 46939 | Hell     | Killed Geryon
 47102 | Hell     | Found a gateway to the Iron City of Dis.
 47181 | Hell     | Found a gateway to the ashen valley of Gehenna.
 47219 | Hell     | Found a gateway to the decaying netherworld of Tartarus.
 47318 | Hell     | Found a gateway to the freezing wastes of Cocytus.
 47418 | Geh:1    | Entered Level 1 of Gehenna
 47528 | Depths:1 | Identified the ring "Takliss" {rN+ Int+3 Dex+2}
 47541 | Depths:1 | Reached skill level 1 in Evocations
 47680 | Depths:1 | Found a one-way gate leading to the halls of Pandemonium.
 47697 | Depths:1 | Identified the +8 shadow dragon scales of Gravity {Regen+
                  | Int+4 Stlth++++}
 47710 | Depths:1 | Identified the +9 longbow of Chagrin {flame, rF+ Will-
                  | Int+3}
 48186 | Depths:1 | Voluntarily entered the Abyss.
 48566 | Abyss:1  | Lost mutation: You have a pair of large horns on your head.
                  | [Jiyva's grace]
 48566 | Abyss:1  | Lost mutation: You have a somewhat thin skeletal structure.
                  | (Dex +2, Stealth+) [Jiyva's grace]
 48566 | Abyss:1  | Lost mutation: You sometimes lose your temper in combat.
                  | [Jiyva's grace]
 48566 | Abyss:1  | Lost mutation: You are covered in fur. (AC +1) [Jiyva's
                  | grace]
 48566 | Abyss:1  | Lost mutation: Your spells are a little harder to cast, but
                  | a little more powerful. [Jiyva's grace]
 48566 | Abyss:1  | Gained mutation: You have hidden genetic potential.
                  | [Jiyva's grace]
 48566 | Abyss:1  | Gained mutation: You have great hidden genetic potential.
                  | [Jiyva's grace]
 48566 | Abyss:1  | Gained mutation: Your melee attacks may engulf your foes in
                  | ooze. [Jiyva's grace]
 48566 | Abyss:1  | Gained mutation: You have large cloven feet. [Jiyva's
                  | grace]
 48974 | Abyss:1  | Reached XP level 24. HP: 208/226 MP: 0/29
 49000 | Depths:1 | Escaped the Abyss
 49140 | Depths:2 | Found a one-way gateway to a ziggurat.
 49714 | Depths:2 | Reached skill level 21 in Fighting
 50610 | Depths:3 | Noticed the Enchantress
 50688 | Depths:3 | Killed the Enchantress
 51197 | Depths:3 | Noticed a juggernaut
 51216 | Depths:3 | Killed a juggernaut
 51275 | Depths:3 | Identified the +0 quarterstaff of Jeafenn {drain, *Slow
                  | rPois Will+ Str+5}
 51277 | Depths:3 | Got Segrif's Tome of Fulmination
 51549 | Depths:3 | Identified the +3 scale mail of Ceray {Str+4}
 51789 | Depths:4 | Entered Level 4 of the Depths
 51800 | Depths:4 | Found a glowing silver altar of Zin.
 51853 | Depths:4 | Lost mutation: You have large cloven feet. [Jiyva's grace]
 51853 | Depths:4 | Lost mutation: You are very agile. (Dex +8, Str/Int -2)
                  | [Jiyva's grace]
 51853 | Depths:4 | Lost mutation: Your mind is very acute. (Int +8, Str/Dex
                  | -2) [Jiyva's grace]
 51853 | Depths:4 | Lost mutation: Your flesh is very heat resistant. (rF++)
                  | [Jiyva's grace]
 51853 | Depths:4 | Gained mutation: Your mind is very acute. (Int +8, Str/Dex
                  | -2) [Jiyva's grace]
 51853 | Depths:4 | Gained mutation: You have acidic saliva. [Jiyva's grace]
 51853 | Depths:4 | Gained mutation: You have large cloven feet. [Jiyva's
                  | grace]
 51853 | Depths:4 | Gained mutation: You have hoof-like feet. [Jiyva's grace]
 51911 | Depths:4 | Noticed Mennas
 51921 | Depths:4 | Killed Mennas
 52302 | Depths:4 | Found a gate to the Realm of Zot.
 52310 | Zot:1    | Entered Level 1 of the Realm of Zot
 52386 | Depths:4 | Found a flickering gateway to a bazaar.
 52397 | Bazaar   | Entered a bazaar
 52397 | Bazaar   | Found Siqiem's Book Shoppe.
 52397 | Bazaar   | Found Sarchal's Book Shoppe.
 52399 | Bazaar   | Found Ucuka's Weapon Emporium.
 52399 | Bazaar   | Found Fatedal's Book Emporium.
 52472 | Depths:4 | Reached skill level 5 in Evocations
 52503 | Depths:4 | Reached skill level 22 in Fighting
 52519 | Depths:4 | Gained mutation: You possess an exceptional clarity of
                  | mind. [hidden potential]
 53125 | Temple   | Entered the Ecumenical Temple
 53644 | Depths:4 | Fell from the grace of Jiyva
 53644 | Depths:4 | Became a worshipper of Zin the Law-Giver
 53644 | Depths:4 | Reached * piety under Zin
 53644 | Depths:4 | Reached ** piety under Zin
 53645 | Depths:4 | Donated 963 gold pieces to Zin
 53646 | Depths:4 | Donated 481 gold pieces to Zin
 53647 | Depths:4 | Donated 241 gold pieces to Zin
 53648 | Depths:4 | Donated 120 gold pieces to Zin
 53649 | Depths:4 | Donated 60 gold pieces to Zin
 53650 | Depths:4 | Donated 30 gold pieces to Zin
 53671 | Depths:4 | Reached *** piety under Zin
 53785 | Depths:4 | Reached **** piety under Zin
 53917 | D:13     | Reached ***** piety under Zin
 54474 | Lair:4   | Reached skill level 1 in Invocations
 54680 | Lair:4   | Identified the +1 pair of gloves "Huodo" {Fly SInv}
 55143 | Lair:4   | Identified the +4 scale mail "Xeqir" {Str+3 Int+3}
 55347 | Lair:4   | Identified the +0 plate armour of Disappointment {Rampage}
 56156 | Slime:3  | Found a viscous altar of Jiyva.
 56734 | Slime:4  | Donated 23 gold pieces to Zin
 56826 | Slime:5  | Killed the Royal Jelly
 57519 | Temple   | Fell from the grace of Zin
 57519 | Temple   | Became a worshipper of the Shining One
 57519 | Temple   | Reached * piety under the Shining One
 57519 | Temple   | Reached ** piety under the Shining One
 58052 | Geh:1    | Noticed an ancient lich
 58058 | Geh:1    | Killed an ancient lich
 58059 | Geh:1    | Reached XP level 25. HP: 228/238 MP: 3/29
 58235 | Geh:1    | Reached *** piety under the Shining One
 58248 | Geh:1    | Lost mutation: Your melee attacks may engulf your foes in
                  | ooze. [the all-consuming vengeance of Jiyva]
 58381 | Geh:1    | Gained mutation: You occasionally lose the ability to read
                  | scrolls when taking damage. [the all-consuming vengeance of
                  | Jiyva]
 58381 | Geh:1    | Lost mutation: You possess an exceptional clarity of mind.
                  | [the all-consuming vengeance of Jiyva]
 58418 | Geh:1    | You are sucked into a shaft and drop 1 floor!
 58447 | Geh:2    | Reached **** piety under the Shining One
 59029 | Geh:2    | Lost mutation: You have a small jelly attached to you that
                  | may absorb projectiles. [the all-consuming vengeance of
                  | Jiyva]
 59289 | Geh:3    | Reached ***** piety under the Shining One
 59897 | Geh:4    | Reached skill level 5 in Invocations
 61012 | Geh:5    | Reached skill level 23 in Fighting
 61305 | Coc:1    | Entered Level 1 of Cocytus
 61728 | Coc:1    | Gained mutation: You are weak. (Str -2) [the all-consuming
                  | vengeance of Jiyva]
 61728 | Coc:1    | Lost mutation: Your mind is very acute. (Int +8, Str/Dex
                  | -2) [the all-consuming vengeance of Jiyva]
 61728 | Coc:1    | Lost mutation: You are agile. (Dex +4, Str/Int -1) [the
                  | all-consuming vengeance of Jiyva]
 61728 | Coc:1    | Lost mutation: You have acidic saliva. [the all-consuming
                  | vengeance of Jiyva]
 61824 | Coc:1    | Reached ****** piety under the Shining One
 61862 | Coc:1    | Paralysed by a wendigo for 1 turns
 62813 | Depths:4 | HP: 6/239 [frost giant/bolt of cold (61)]
 62815 | Depths:4 | Killed from afar by a frost giant

Illustrated notes

Levels and vault maps discovered:
D:1:      sevenhm_arrival_forest_fort_small_3, layout_loops_corners
D:2:      layout_basic, serial_shops, nicolae_shop_crystal,
          minmay_misc_feat_columns, chequers_serial_rivers_micro_d,
          minmay_diced_spiral, uniq_terence, uniq_crazy_yiuf_cottage,
          uniq_natasha, uniq_robin
D:3:      layout_basic, mainiacjoe_overflow_boulevard, serial_undead,
          serial_undead_d, serial_undead_c, serial_undead_f, serial_undead_a,
          portal_sewer_entry_d, hellmonk_ecumenical_altar_slurped_away,
          minmay_starry_boxes
D:4:      wander_river, layout_rooms, nicolae_elyvilon_temple_path,
          lemuel_temple_firewalk_a, grunt_ministairs_11
D:5:      corexii_shack_village, layout_basic, mainiacjoe_overflow_tiny_flanked
D:6:      layout_loops_corners, xom_teletrap_fun, hangedman_ru_absence,
          grunt_decor_junction, st_stairs_3
D:7:      layout_loops_ring, pdpol_temple_overflow_zin_treasury_gozag_greed,
          nicolae_kikubaaqudgha_miasma_corner, lemuel_doored_altar,
          minmay_hedge_maze
D:8:      layout_layer_cave, fedhas_ov_isle_minmay, dancing_weapons_uskayaw,
          mainiacjoe_overflow_cross_hatched, uniq_grum, uniq_maggie, uniq_psyche
D:9:      layout_roguey, slow_altar_1, nicolae_wu_jian_immortal_techniques,
          cheibrodos_ashenzari_chains, okawaru_trees_1,
          erik_lair_orcish_takeover, serial_shops, nicolae_stop_n_shop_1
D:10:     layout_roguey [special_room_bee], david_orc_4, hangedman_fish_farm,
          uniq_harold, uniq_nergalle, uniq_erica
D:11:     layout_irregular_city, lightli_orcish_oven
D:12:     minmay_tri_box, layout_stronghold, gauntlet_entry_generic
D:13:     layout_rooms, st_stairs_9, uniq_jorgrun
D:14:     layout_loops_corners, david_vaults_5, grunt_gozag_breadcrumbs
D:15:     gammafunk_enter_depths_forms, layout_loops_ring,
          kennysheep_flooded_box
Temple:   hellmonk_temple_flake
Lair:1:   layout_gridlike, ebering_ghost_reflecting_pool,
          chequers_serial_rivers_room_b, serial_bayou_shore_a,
          lemuel_fruit_tree, grunt_megastairs_1, uniq_gastronok
Lair:2:   layout_roguey, elwin_shoals_entry_rooms, basic_altar,
          serial_bayou_lagoon_a, beast_lair_carwin_2
Lair:3:   gammafunk_indiana_jones, layout_chaotic_city,
          minmay_snake_entry_spellcaster, serial_bayou_lake_a,
          infiniplex_staircase_pool_2
Lair:4:   minmay_lair_venomous_thicket, layout_small_grid,
          portal_ice_cave_demonic_guard, infiniplex_staircase_pool
Lair:5:   hellmonk_lair_end_abyssal_woods, layout_cave_pods, slime_entry_1,
          guppyfry_lair_drakes
Shoals:1: layout_shoals, serial_shops, shop_statue, nicolae_alphabet_shops,
          nicolae_shoals_cliffside_cave
Shoals:2: layout_shoals, serial_shops, bzr_entry_safe
Shoals:3: layout_shoals, hangedman_feature_mirror, nicolae_shop_vocational,
          uniq_ilsuiw
Shoals:4: shoals_end_hangedman, layout_shoals, shoals_ilsuiw_alternative,
          hangedman_shoal_volcano
Snake:1:  layout_honeycomb, serial_shops, nicolae_shop_waterfront,
          nicolae_shop_back_alley_shop, shop_fountains,
          nicolae_shop_just_a_little_nook, shop_fountains, st_stairs_10,
          nicolae_wooded_promenade, grunt_megastairs_2
Snake:2:  kennysheep_snake, layout_cave_pods, basic_altar, st_stairs_7
Snake:3:  cheibrodos_forgotten_conduit, layout_misc_corridors,
          grunt_ministairs_5, nicolae_fountain_basement
Snake:4:  grunt_snake_rune_spirals, layout_onion_interference, drop_trap
Slime:1:  cheibrodos_slime_lost_civilization_8, layout_caves
Slime:2:  layout_caves
Slime:3:  layout_caves, basic_altar, uniq_dissolution
Slime:4:  cheibrodos_slime_lost_civilization_9, layout_caves
Slime:5
Orc:1:    dreamdust_dug_too_deep, layout_diamond_mine, minmay_orc_keep
Orc:2:    st_orc_pillars, layout_diamond_mine, basic_altar,
          nicolae_volcano_entry_batcave, uniq_azrael, uniq_erolcha, uniq_rupert
Elf:1:    minmay_elf_arrival_summoners, layout_loops_corners, basic_altar,
          serial_shops, shop, minivault_20, st_stairs_8, grunt_ministairs_4,
          drop_trap, minmay_shoptagon, lemuel_upstairs_altar, uniq_louise,
          uniq_roxanne, uniq_kirke
Elf:2:    nicolae_elf_blades_crystal_corner, layout_loops_corners,
          nicolae_stop_n_shop_1
Elf:3:    nooodl_elf_gasket, layout_loops_ring, guppyfry_elf_altar
Vaults:1: nicolae_vaults_shipping_containers_4, ontoclasm_vaults_gateway,
          grunt_vaults_bifocal, nicolae_vaults_trapezoid_lopsided_4,
          nicolae_vaults_mitosis, v_misc_13, nicolae_vaults_diamond_2,
          nicolae_vaults_taking_the_gang_shopping,
          nicolae_vaults_storage_closets_3, vaults_dpeg_encased_lava,
          nicolae_vaults_border_crossing, nicolae_vaults_trapezoid_lopsided_3,
          ontoclasm_vaults_shuriken, layout_vaults_omnicross, uniq_zenata
Vaults:2: nicolae_vaults_closet_pinwheel_5, nicolae_vaults_puzzle_piece,
          nicolae_vaults_shipping_containers_7, vaults_dpeg_ring, v_misc_11,
          nicolae_vaults_steering_wheel, ontoclasm_vaults_pinch, v_misc_26,
          nicolae_vaults_frosty_reception, v_misc_17,
          nicolae_vaults_little_squares_6, ontoclasm_vaults_misaligned,
          nicolae_vaults_little_squares_5, layout_vaults_ring
Vaults:3: ebering_ghost_xom, grunt_vaults_swirl,
          minmay_crypt_entry_simple_walls, nicolae_vaults_double_plus_2,
          nicolae_vaults_little_squares_2, nicolae_vaults_network_barrier,
          nicolae_vaults_little_ls, nicolae_vaults_stand_back,
          nicolae_vaults_wine_cellar, nicolae_vaults_trapezoid_4,
          nicolae_vaults_mini_display_case, dpeg_vaults_monster_box,
          layout_vaults_quadrants, serial_shops, nicolae_shop_tiny_waterfront
Vaults:4: nicolae_vaults_yaktaur_gun_rack, nicolae_vaults_ninety_degrees,
          hangedman_vaults_stream, grunt_vaults_twisty, hangedman_vaults_snaps,
          st_octagons_2, grunt_vaults_focal, v_pattern_4,
          nicolae_vaults_little_squares_6, nicolae_vaults_tangram_1,
          layout_vaults_maze_snakey
Vaults:5: uniq_jory
Crypt:1:  gammafunk_its_a_trap, layout_chaotic_city, ebering_ghost_xom,
          minmay_misc_feat_rows, uniq_margery, uniq_grunn
Crypt:2:  layout_regular_city
Crypt:3:  due_elkab, layout_chaotic_city, uniq_boris, uniq_khufu, uniq_vv
Depths:1: layout_basic, abyss_entry_small_statue_room, minmay_misc_feat_square,
          hell_entry, serial_glass, glass_columns_a, glass_columns_a,
          item_on_display_a, due_unseen_surprise, rand_demon_pan_entry_3,
          beargit_elvish_explorers, serial_bayou_shore_b
Depths:2: wad_lake_hut, layout_basic, enter_ziggurat_d, grunt_pan_entry_spiral,
          hell_entry
Depths:3: cross_vault, layout_basic, infiniplex_staircase_x, hell_entry,
          abyss_entry, roderic_st_hans_cross, uniq_enchantress
Depths:4: grunt_twist_and_shout, layout_long_grid, lemuel_round_altar,
          serial_shops, bzr_entry_water, grunt_mini_vestibule, uniq_mennas
Hell
Geh:1:    layout_gehenna_lava_caves
Geh:2:    layout_gehenna_lava_caves
Geh:3:    layout_gehenna_pools_triple
Geh:4:    nicolae_geh_split_lavaduct, layout_gehenna_pools_basic,
          nicolae_geh_lava_lounge
Geh:5:    layout_gehenna_lava_caves
Coc:1:    layout_cocytus_water_paths
Zot:1:    layout_twisted_circle, guppyfry_library_mini

Skill      XL: |  1  2  3  4  5  6  7  8  9 10 11 12 13 14 15 16 17 18 19 20 21 22 23 24 25 |
---------------+----------------------------------------------------------------------------+-----
Dodging        | 1 2 3 4 5 6 7 8 9 10 11 12 13 14 15 16 17 18 | 18.9
Armour         | 4 5 6 8 9 10 11 12 13 14 15 16 17 18 19 20 | 20.8
Fighting       | 4 5 6 7 9 10 11 12 13 14 15 16 17 18 19 20 22 23 | 23.1
Axes           | 3 4 5 6 7 8 9 10 11 12 13 14 15 16 17 18 19 20 | 20.5
Shields        | 4 5 6 7 8 10 11 12 13 14 15 16 18 19 20 21 22 | 22.6
Stealth        | 1 2 3 4 5 6 7 8 9 10 11 12 13 14 15 16 | 16.8
Polearms       | 3 6 7 9 10 11 12 13 14 | 14.1
Ranged Weapons | 1 4 6 7 8 10 | 10.2
Long Blades    | 4 6 8 9 10 | 10.0
Throwing       | 5 8 10 12 13 | 13.3
Spellcasting   | 2 4 |  4.9
Evocations     | 2 5 6 |  6.5
Invocations    | 2 6 |  6.9

Action                     |  1- 3 |  4- 6 |  7- 9 | 10-12 | 13-15 | 16-18 | 19-21 | 22-24 | 25-27 || total
---------------------------+-------+-------+-------+-------+-------+-------+-------+-------+-------++-------
  Melee: War axe           |    74 |   126 |   262 |    33 |    76 |       |       |       |       ||   571
         Headbutt          |    12 |    20 |    45 |    77 |   167 |   290 |   453 |   515 |   100 ||  1679
         Battleaxe         |       |       |       |   340 |   452 |       |       |       |       ||   792
         Kick              |       |       |       |    51 |   275 |   191 |       |   337 |   164 ||  1018
         Lance             |       |       |       |     4 |    21 |       |       |       |       ||    25
         Halberd           |       |       |       |       |     4 |       |       |       |       ||     4
         Punch             |       |       |       |       |     3 |       |       |       |       ||     3
         Labrys            |       |       |       |       |   251 |  1029 |  1358 |  1570 |   329 ||  4537
         Pseudopods        |       |       |       |       |       |       |    81 |       |       ||    81
         Bite              |       |       |       |       |       |       |    81 |    77 |    45 ||   203
   Fire: Arbalest          |       |       |       |       |     4 |       |       |       |       ||     4
  Throw: Dart              |       |       |     3 |    12 |       |       |       |       |       ||    15
         Javelin           |       |       |       |    12 |     4 |       |       |    12 |       ||    28
         Boomerang         |       |       |       |     6 |       |       |       |       |       ||     6
         Throwing net      |       |       |       |     1 |     2 |       |       |       |       ||     3
 Invoke: Oozemancy         |       |       |     1 |       |     1 |     3 |     3 |     4 |       ||    12
         Slimify           |       |       |       |       |     1 |       |       |     3 |       ||     4
         Donate Gold       |       |       |       |       |       |       |       |     7 |       ||     7
         Imprison          |       |       |       |       |       |       |       |     1 |       ||     1
         Cleansing Flame   |       |       |       |       |       |       |       |       |     1 ||     1
Ability: Evoke Blink       |       |       |       |       |     1 |     1 |       |     1 |       ||     3
  Evoke: Wand              |       |       |     8 |    14 |    24 |    27 |    10 |    34 |     3 ||   120
         Phial of floods   |       |       |       |       |     3 |     2 |       |     3 |     1 ||     9
         Box of beasts     |       |       |       |       |       |     1 |     1 |     2 |       ||     4
         Phantom mirror    |       |       |       |       |       |       |       |     5 |       ||     5
         Condenser vane    |       |       |       |       |       |       |       |     2 |       ||     2
         Horn of Geryon    |       |       |       |       |       |       |       |     2 |       ||     2
    Use: Scroll            |       |    11 |     7 |     7 |     9 |     7 |     6 |    15 |     2 ||    64
         Potion            |       |       |     7 |     2 |     7 |     9 |     5 |    19 |     9 ||    58
   Stab: Sleeping          |       |       |       |     4 |    18 |    28 |    61 |    17 |       ||   128
         Distracted        |       |       |       |       |     3 |     7 |    10 |    38 |       ||    58
         Confused          |       |       |       |       |       |    39 |    58 |     6 |       ||   103
         Invisible         |       |       |       |       |       |       |       |     3 |       ||     3
 Armour: Scale mail        |    33 |    26 |    84 |       |       |       |       |       |       ||   143
         Skin              |       |       |     6 |       |       |       |       |       |     3 ||     9
         Swamp dragon scal |       |       |       |   108 |   103 |    94 |   109 |    93 |       ||   507
         Chain mail        |       |       |       |       |    14 |       |       |       |       ||    14
         Fire dragon scale |       |       |       |       |       |       |       |    53 |    29 ||    82
         Acid dragon scale |       |       |       |       |       |       |       |    56 |    10 ||    66
         Ice dragon scales |       |       |       |       |       |       |       |       |     2 ||     2
  Dodge: Dodged            |    60 |    88 |   207 |   651 |   817 |   503 |   535 |   837 |   156 ||  3854
  Block: Buckler           |    24 |    32 |    69 |    15 |       |       |       |       |       ||   140
         Tower shield      |       |       |       |       |   126 |  1283 |  1627 |  1510 |   237 ||  4783
